 Dungeon Crawl Stone Soup version 0.19.0 (webtiles) character file.

311 Danakh the Shield-Bearer (level 6, 0/43 HPs)
             Began as a Halfling Fighter on Nov 14, 2016.
             Succumbed to Sigmund's poison
             ... on level 3 of the Dungeon.
             The game lasted 00:05:14 (2164 turns).

Danakh the Shield-Bearer (Halfling Fighter)         Turns: 2164, Time: 00:05:14

Health: 0/43       AC: 10    Str: 19    XL:     6   Next: 70%
Magic:  6/6        EV:  9    Int: 11    God:
Gold:   91         SH: 10    Dex: 14    Spells: 0 memorised, 5 levels left

rFire  . . .     SeeInvis .     a - +0 war axe
rCold  . . .     Gourm    .     b - +0 scale mail
rNeg   . . .     Faith    .     c - +0 shield
rPois  .         Spirit   .     h - +1 helmet
rElec  .         Reflect  .     (no cloak)
rCorr  .         Harm     .     g - +0 pair of gloves
MR     .....                    (no boots)
Stlth  ..........               i - amulet of magic regeneration
                                (no ring)
                                (no ring)

@: brilliant, lethally poisoned (0 -> -18)
A: mutation resistance 1
a: no special abilities


You were on level 3 of the Dungeon.
You were hungry.

You visited 1 branch of the dungeon, and saw 3 of its levels.

You collected 91 gold pieces.

Inventory:

Hand Weapons
 a - a +0 war axe (weapon)
Armour
 b - a +0 scale mail (worn)
 c - a +0 shield (worn)
 g - a +0 pair of gloves (worn)
 h - a +1 helmet (worn)
Jewellery
 i - an amulet of magic regeneration (around neck)
Scrolls
 e - 6 scrolls of identify {unknown}
 k - 3 scrolls of teleportation {unknown}
 n - a scroll of enchant armour {unknown}
 o - a scroll of noise {unknown}
 q - a scroll of fear {unknown}
 t - a scroll of blinking {unknown}
Potions
 d - a potion of might
 p - a potion of curing {unknown}
 r - a potion of flight {unknown}
Comestibles
 f - 2 bread rations
 m - a meat ration
 s - 2 chunks of flesh


   Skills:
 + Level 3.8 Fighting
 * Level 3.7 Axes
 + Level 4.6 Armour
 + Level 4.9 Shields


You had 5 spell levels left.
You didn't know any spells.

Dungeon Overview and Level Annotations

Branches:
Dungeon (3/15)

Altars:
Uskayaw


Innate Abilities, Weirdness & Mutations

You are small and have problems with some larger weapons.
You are somewhat resistant to further mutation.


Message History

You have reached level 6!
Your experience leads to an increase in your attributes!
Increase (S)trength, (I)ntelligence, or (D)exterity?
You feel stronger.
* * * LOW HITPOINT WARNING * * *
You feel very sick. The goblin barely misses you.
You closely miss the goblin.
* * * LOW HITPOINT WARNING * * *
You feel very sick. The goblin hits you but does no damage.
You barely miss the goblin.
* * * LOW HITPOINT WARNING * * *
You feel sick. You block the goblin's attack.
It was a potion of brilliance.
You feel clever all of a sudden.
* * * LOW HITPOINT WARNING * * *
You feel sick. The goblin hits you but does no damage.
It was a potion of magic.
Magic courses through your body.
You die...

## ## #. .. #.
#####.### #.
#..<....# #.
#.###......
#.##.# .....
#..@#.......##
#.)#g######.#
)........ #
#####.#.#.#
#.#.#.# #.#..
. #.#... .
#.#......


You could see a goblin.

Vanquished Creatures
  Sigmund (D:3)
  10 adders
  A worm (D:2)
  3 dart slugs
  5 giant cockroaches
  7 goblins
  6 hobgoblins
  4 jackals
  8 kobolds
  A quokka (D:2)
  3 bats
  3 frilled lizards
  6 rats
58 creatures vanquished.

Notes
Turn   | Place    | Note
-------+----------+-------------------------------------------
     0 | D:1      | Danakh the Halfling Fighter began the quest for the Orb.
     0 | D:1      | Reached XP level 1. HP: 15/15 MP: 1/1
   334 | D:1      | Reached XP level 2. HP: 20/20 MP: 2/2
   604 | D:1      | Reached XP level 3. HP: 23/26 MP: 3/3
  1192 | D:2      | Reached XP level 4. HP: 30/31 MP: 4/4
  1517 | D:2      | Found a hide-covered altar of Uskayaw.
  1593 | D:2      | Reached XP level 5. HP: 31/36 MP: 5/5
  2148 | D:3      | Noticed Sigmund
  2160 | D:3      | Killed Sigmund
  2160 | D:3      | Reached XP level 6. HP: 10/43 MP: 6/6
  2163 | D:3      | HP: 1/43 [poisoned by Sigmund]
  2164 | D:3      | Succumbed to Sigmund's poison

Skill      XL: |  1  2  3  4  5 |
---------------+----------------+-----
Fighting       | 3 |  3.8
Shields        | 4 |  4.9
Armour         | 4 |  4.6
Axes           | 3 |  3.7

Action                   |  1- 3 |  4- 6 || total
-------------------------+-------+-------++-------
Melee: War axe           |   103 |   120 ||   223
  Use: Potion            |       |     2 ||     2
  Eat: Chunk             |     1 |     3 ||     4
Armor: Scale mail        |    29 |    55 ||    84
Dodge: Dodged            |    37 |    49 ||    86
Block: Shield            |    48 |    69 ||   117
